General information
- name: BNet
- type: Ladder team game (AT/RT)
- host: Battle.net
- saver: OYoOwned
map: TurtleRock
- players: 4
- length: 20:27
- speed: Fast
- version: 1.23 W3XP
- replay type: Public
» download(133 KB)
Players
team 1 (winner)

»
kunt.roII (
red | 140 APM | 2858 actions | 20:27)
5 Demon Hunter
3 Mana Burn
2 Evasion
4 Pandaren Brewmaster
2 Breath of Fire
2 Drunken Haze
» actions
| Assign group hotkey | 30 | |
| Basic commands | 13 | |
| Build / train | 50 | |
| ESC pressed | 2 | |
| Enter build submenu | 13 | |
| Enter hero's abilities submenu | 9 | |
| Give item / drop item | 9 | |
| Right click | 1416 | |
| Select / deselect | 210 | |
| Select group hotkey | 1008 | |
| Use ability | 98 | |
2858 total
» units
| Wisp | 15 | |
| Archer | 9 | |
| Druid of the Talon | 4 | |
28 total
» upgrades
» buildings
| Altar of Elders | 1 | |
| Moon Well | 5 | |
| Ancient of War | 1 | |
| Tree of Ages | 1 | |
| Ancient of Wind | 1 | |
| Hunter's Hall | 1 | |
| Ancient of Wonders | 1 | |
| Tree of Eternity | 1 | |
| Tree of Life | 1 | |
13 total
» build order
00:14 Altar of Elders
00:19 Moon Well
00:41 Ancient of War
01:38 Moon Well
02:53 Tree of Ages
03:26 Moon Well
05:26 Ancient of Wind
05:33 Hunter's Hall
05:52 Ancient of Wonders
06:29 Tree of Eternity
07:02 Moon Well
10:14 Tree of Life
15:52 Moon Well
» items
| Boots of Speed | 2 | |
| Staff of Preservation | 1 | |
| Potion of Healing | 1 | |
| Scroll of Regeneration | 2 | |
| Lesser Clarity Potion | 1 | |
| Staff of Teleportation | 1 | |
8 total
OYoOwned (
yellow | 132 APM | 2708 actions | 20:27)
6 Archmage
3 Summon Water Elemental
2 Brilliance Aura
1 Mass Teleport
4 Mountain King
2 Storm Bolt
2 Bash
4 Paladin
2 Holy Light
2 Divine Shield
» actions
| Assign group hotkey | 34 | |
| Basic commands | 63 | |
| Build / train | 70 | |
| ESC pressed | 2 | |
| Enter build submenu | 19 | |
| Enter hero's abilities submenu | 16 | |
| Give item / drop item | 6 | |
| Remove unit from queue | 1 | |
| Right click | 1370 | |
| Select / deselect | 546 | |
| Select group hotkey | 468 | |
| Use ability | 113 | |
2708 total
» units
| Peasant | 12 | |
| Footman | 8 | |
| Priest | 5 | |
| Knight | 8 | |
| Mortar Team | 1 | |
34 total
» upgrades
| Defend | 1 | |
| Animal War Training | 1 | |
| Fragmentation Shards | 1 | |
3 total
» buildings
| Altar of Kings | 1 | |
| Farm | 9 | |
| Barracks | 1 | |
| Arcane Vault | 2 | |
| Lumber Mill | 1 | |
| Keep | 1 | |
| Blacksmith | 1 | |
| Castle | 1 | |
| Arcane Sanctum | 1 | |
| Workshop | 2 | |
20 total
» build order
00:05 Altar of Kings
00:07 Farm
00:29 Barracks
01:19 Farm
01:50 Farm
02:27 Farm
03:14 Arcane Vault
04:14 Lumber Mill
04:43 Keep
05:21 Farm
05:22 Farm
06:04 Farm
06:59 Blacksmith
07:07 Castle
07:11 Arcane Sanctum
09:04 Workshop
12:20 Farm
12:23 Farm
12:56 Workshop
17:44 Arcane Vault
» items
| Dust of Appearance | 1 | |
| Scroll of Regeneration | 3 | |
| Lesser Clarity Potion | 3 | |
| Potion of Healing | 2 | |
| Staff of Sanctuary | 2 | |
| Scroll of Town Portal | 1 | |
| Potion of Lesser Invulnerability | 1 | |
13 total
team 2 (loser)
Setteragic (
pink | 83 APM | 1702 actions | 20:26)
4 Archmage
2 Summon Water Elemental
2 Brilliance Aura
3 Naga Sea Witch
1 Frost Arrows
2 Forked Lightning
» actions
| Assign group hotkey | 151 | |
| Basic commands | 177 | |
| Build / train | 69 | |
| ESC pressed | 10 | |
| Enter build submenu | 37 | |
| Enter hero's abilities submenu | 7 | |
| Remove unit from queue | 1 | |
| Right click | 437 | |
| Select / deselect | 334 | |
| Select group hotkey | 378 | |
| Use ability | 100 | |
1702 total
» units
| Peasant | 12 | |
| Rifleman | 19 | |
| Mortar Team | 5 | |
| Flying Machine | 1 | |
37 total
» upgrades
» buildings
| Altar of Kings | 1 | |
| Farm | 11 | |
| Blacksmith | 3 | |
| Barracks | 1 | |
| Scout Tower | 5 | |
| Keep | 1 | |
| Arcane Vault | 1 | |
| Workshop | 1 | |
| Town Hall | 1 | |
| Cannon Tower | 1 | |
| Arcane Tower | 3 | |
| Lumber Mill | 1 | |
30 total
» build order
00:04 Altar of Kings
00:18 Farm
01:07 Blacksmith
01:10 Blacksmith
01:13 Blacksmith
01:20 Barracks
01:39 Farm
02:04 Farm
02:17 Scout Tower
03:00 Farm
03:33 Farm
04:00 Keep
04:13 Arcane Vault
05:43 Farm
05:49 Farm
06:24 Farm
07:26 Workshop
07:28 Farm
07:44 Farm
11:19 Town Hall
11:22 Scout Tower
11:51 Scout Tower
11:57 Scout Tower
11:58 Scout Tower
12:19 Cannon Tower
12:21 Arcane Tower
12:22 Farm
12:31 Arcane Tower
12:34 Lumber Mill
16:18 Arcane Tower
» items
| Scroll of Regeneration | 2 | |
| Lesser Clarity Potion | 3 | |
5 total

»
Sirlosealot. (
orange | 98 APM | 1991 actions | 20:23)
3 Far Seer
2 Feral Spirit
1 Chain Lighting
2 Naga Sea Witch
1 Frost Arrows
1 Forked Lightning
» actions
| Assign group hotkey | 39 | |
| Basic commands | 154 | |
| Build / train | 54 | |
| ESC pressed | 1 | |
| Enter build submenu | 18 | |
| Enter hero's abilities submenu | 5 | |
| Give item / drop item | 1 | |
| Right click | 772 | |
| Select / deselect | 358 | |
| Select group hotkey | 515 | |
| Use ability | 74 | |
1991 total
» units
| Peon | 9 | |
| Grunt | 9 | |
| Raider | 12 | |
| Demolisher | 2 | |
| Tauren | 2 | |
34 total
» upgrades
| Berserker Strength | 1 | |
| Ensnare | 1 | |
| Pillage | 1 | |
| Pulverize | 1 | |
4 total
» buildings
| Altar of Storms | 1 | |
| Barracks | 1 | |
| Orc Burrow | 6 | |
| Voodoo Lounge | 1 | |
| Stronghold | 1 | |
| Beastiary | 1 | |
| War Mill | 1 | |
| Fortress | 1 | |
| Tauren Totem | 1 | |
| Spirit Lodge | 1 | |
| Great Hall | 2 | |
17 total
» build order
00:06 Altar of Storms
00:16 Barracks
00:29 Orc Burrow
01:39 Orc Burrow
01:59 Voodoo Lounge
02:57 Stronghold
04:03 Orc Burrow
05:26 Beastiary
05:28 Orc Burrow
07:32 War Mill
07:34 Orc Burrow
10:18 Fortress
10:48 Orc Burrow
12:44 Tauren Totem
17:44 Spirit Lodge
17:49 Great Hall
19:03 Great Hall
» items
| Healing Salve | 1 | |
| Scroll of Speed | 1 | |
| Dust of Appearance | 1 | |
| Scroll of Town Portal | 1 | |
| Lesser Clarity Potion | 2 | |
6 total
Chat log
(08:49 / Allies) kunt.roII: WHOOPS